 Dungeon Crawl Stone Soup version 0.29-a0-323-g050149af67 (webtiles) character file.

Game seed: 3792992916429511441

63 Jortsu the Vandal (level 3, 0/35 HPs)
             Began as a Troll Hunter on Apr 11, 2022.
             Slain by a gnoll
             ... wielding a +0 flail
              (13 damage)
             ... on level 2 of the Dungeon.
             The game lasted 00:01:51 (835 turns).

Jortsu the Vandal (Troll Hunter)                     Turns: 835, Time: 00:01:52

Health: 0/35       AC:  4    Str: 19    XL:     3   Next: 87%
Magic:  2/2        EV: 10    Int:  5    God:
Gold:   70         SH:  0    Dex: 13    Spells: 2/2 levels left

rFire   . . .      SeeInvis .     - Unarmed
rCold   + . .      Faith    .   (no shield)
rNeg    . . .      Spirit   .   b - +0 robe
rPois   .          Reflect  .   (helmet restricted)
rElec   .          Harm     .   (no cloak)
rCorr   .          Rampage  .   (gloves unavailable)
Will    .....      Rnd*Tele +   (boots unavailable)
Stlth   +.........              (no amulet)
HPRegen 0.91/turn               g - ring of protection from cold
MPRegen 0.08/turn               (no ring)

@: no status effects
A: large, unfitting armour, claws 3, regeneration 1, shaggy fur 1, tough skin 1,
clumsy 1, teleportitis 1
a: no special abilities


You were on level 2 of the Dungeon.
You visited 1 branch of the dungeon, and saw 2 of its levels.

You collected 70 gold pieces.

Inventory:

Hand Weapons
 a - a +2 hunting sling
Armour
 b - a +0 robe (worn)
Jewellery
 g - a ring of protection from cold (left claw)
Scrolls
 c - a scroll of immolation
Potions
 d - 2 potions of ambrosia {unknown}
 e - a potion of curing {unknown}
 f - a potion of invisibility {unknown}
 j - a potion of attraction {unknown}


   Skills:
 + Level 1.9 Fighting
 + Level 3.3 Slings
 + Level 1.9 Dodging
 + Level 0.3 Stealth
 + Level 1.2 Unarmed Combat


You had 2 spell levels left.
You didn't know any spells.
Your spell library contained the following spells:

 Spells                   Type           Power      Damage    Failure   Level
 Ensorcelled Hibernation  Hex/Ice        0%         N/A       63%         2
 Passwall                 Tmut/Erth      0%         N/A       63%         2
 Swiftness                Air            0%         N/A       85%         3


Dungeon Overview and Level Annotations

Branches:
Dungeon (2/15)

Altars:


Innate Abilities, Weirdness & Mutations

You are too large for most types of armour.
You have claws for hands.
Your natural rate of healing is unusually fast.
You are covered in fur. (AC +1)
You have tough skin. (AC +1)
You are clumsy. (Dex -2)
You are occasionally teleported next to monsters.


Message History

The gnoll barely misses you.
You scratch the gnoll.
The gnoll is moderately wounded.
The gnoll closely misses you.
A giant cockroach comes into view.
The gnoll attacks as you move away! The gnoll barely misses you.
You scratch the gnoll but do no damage. The gnoll hits you with a +0 flail.
You scratch the gnoll.
The gnoll is heavily wounded.
The gnoll completely misses you.
You scratch the gnoll but do no damage.
The gnoll is heavily wounded.
The gnoll misses you.
You barely miss the gnoll.
The gnoll is heavily wounded.
The gnoll hits you with a +0 flail.
You scratch the gnoll but do no damage.
The gnoll is heavily wounded.
The gnoll misses you.
You scratch the gnoll.
The gnoll is almost dead.
The gnoll hits you with a +0 flail!
You scratch the gnoll but do no damage.
The gnoll is almost dead.
The gnoll hits you with a +0 flail.
You claw the gnoll!
You kill the gnoll!
You scratch the gnoll but do no damage.
The gnoll is moderately wounded.
The gnoll barely misses you.
You scratch the gnoll.
The gnoll is severely wounded.
The gnoll hits you with a +0 flail.
You closely miss the gnoll.
The gnoll is severely wounded.
The gnoll hits you with a +0 flail!
You scratch the gnoll.
The gnoll is almost dead.
The gnoll hits you with a +0 flail!
You die...

#.#.... ..!
##.#...#####.# ..
....(........## #.#.
#$.##.......... ...
#..##.......# #..
#..##.?.....## #..
#..##........#
#.##..###.......#
..####......@gg......#
............###......#
.....................#
............#........#
.......###...........##.#
....... #.#..##...... .#
....... #.#.># ...##..
....... #.##.##...#
....... #.##.#....#


You could see 2 gnolls.

Vanquished Creatures
  Terence (D:2)
  A gnoll (D:2)
  A worm (D:2)
  2 dart slugs (D:1)
  2 bats (D:1)
  An endoplasm (D:1)
  A giant cockroach (D:1)
  2 hobgoblins (D:1)
  3 ball pythons (D:1)
  2 frilled lizards (D:1)
  2 goblins (D:1)
  5 kobolds
  2 rats
25 creatures vanquished.

Notes
Turn   | Place    | Note
-------+----------+-------------------------------------------
     0 | D:1      | Jortsu the Troll Hunter began the quest for the Orb.
     0 | D:1      | Reached XP level 1. HP: 19/19 MP: 0/0
   188 | D:1      | Reached skill level 3 in Slings
   188 | D:1      | Reached XP level 2. HP: 25/27 MP: 1/1
   727 | D:1      | Gained mutation: You have hidden genetic defects. [potion
                  | of mutation]
   727 | D:1      | Gained mutation: You are frail. (-10% HP) [potion of
                  | mutation]
   727 | D:1      | Gained mutation: You have a somewhat thin skeletal
                  | structure. (Dex +2, Stealth+) [potion of mutation]
   728 | D:1      | Lost mutation: You have hidden genetic defects. [potion of
                  | mutation]
   728 | D:1      | Lost mutation: You have a somewhat thin skeletal structure.
                  | (Dex +2, Stealth+) [potion of mutation]
   728 | D:1      | Lost mutation: You are frail. (-10% HP) [potion of
                  | mutation]
   728 | D:1      | Gained mutation: You are occasionally teleported next to
                  | monsters. [potion of mutation]
   728 | D:1      | Gained mutation: You are clumsy. (Dex -2) [potion of
                  | mutation]
   766 | D:2      | Noticed Terence
   777 | D:2      | Killed Terence
   778 | D:2      | Reached XP level 3. HP: 31/35 MP: 2/2
   781 | D:2      | Reached skill level 1 in Unarmed Combat
   835 | D:2      | Slain by a gnoll

Illustrated notes

Levels and vault maps discovered:
D:1:      scummos_arrival_gate, layout_basic
D:2:      layout_basic, basic_altar, uniq_terence, uniq_natasha

Skill      XL: |  1  2  3 |
---------------+----------+-----
Slings         | 3 |  3.3
Unarmed Combat | 1 |  1.2
Fighting       | |  1.9
Dodging        | |  1.9
Stealth        | |  0.3

Action                   || total
-------------------------++-------
Melee: Unarmed           ||    85
  Use: Scroll            ||     3
       Potion            ||     2
Armor: Robe              ||    21
Dodge: Dodged            ||    39

Table legend: (Time is in decaauts)
 A = Elapsed time spent in this place.
 B = Non-inter-level travel time spent in this place.
 C = Inter-level travel time spent in this place.
 D = Time resting spent in this place.
 E = Time spent auto-exploring this place.
 F = Levels seen in this place.
 G = Mean time per level.
                   A        B        C        D        E       F      G
               +--------+--------+--------+--------+--------+-----+--------+
         Total |    833 |    799 |     34 |      0 |    531 |   2 |  416.5 |
       Dungeon |    833 |    799 |     34 |      0 |    531 |   2 |  416.5 |
               +--------+--------+--------+--------+--------+-----+--------+

Top non-repeatable levels by time:
     D:1: 764 daAuts
     D:2: 68 daAuts
